AoeStats
← 1301015563

Nomad

509664217Analyzed
4v4 RM · 6d ago on Sep 27, 2026· 56m 7s· 8 players
Game mode
Random Map
Map size
231×231
Population
200
Speed
Normal
Resources
Standard
Victory
Conquest
Starting age
Dark Age
Ending age
Imperial Age
RankedLock teamsTeams togetherTeam positionsShared explorationLock speedFull tech treeHidden civsTurbo modeCheats
Victory
Defeat
🇧🇷 Mapuche · Brazil
1185
+12
🇦🇺 Mongols · Australia
1175
+13
🇮🇪 Gurjaras · Ireland
1165
+13
🇪🇸 Koreans · Spain
1129
+15
🇨🇦 Huns · Canada
1114
-14
🇲🇽 Goths · Mexico
1103
-13
🇹🇼 Italians · Taiwan
1102
-13
🇨🇳 Franks · China
1091
-13
Tlacaelel.MX
3:26 Loom
15:38 Feudal Age
17:04 Wheelbarrow
15:52 Man-at-Arms
24:49 Castle Age
24:52 Pikeman
24:54 Elite Skirmisher
26:30 Fletching
28:02 Scale Mail Armor
28:01 Long Swordsman
28:47 Town Watch
32:25 Bodkin Arrow
37:33 Padded Archer Armor
aaron.su210
5:55 Loom
16:57 Feudal Age
18:16 Double-Bit Axe
20:58 Castle Age
24:41 Bow Saw
35:54 Imperial Age
35:27 Fletching
46:29 Ballistics
FredproQc69
4:35 Loom
15:50 Feudal Age
16:48 Double-Bit Axe
23:47 Castle Age
22:19 Stone Mining
23:05 Gold Mining
22:59 Horse Collar
25:59 Bow Saw
25:52 Heavy Plow
28:48 Wheelbarrow
29:31 Scale Barding Armor
29:38 Forging
31:38 Chain Barding Armor
32:01 Iron Casting
31:46 Hand Cart
36:34 Imperial Age
34:39 Fletching
34:50 Padded Archer Armor
35:53 Bloodlines
35:43 Husbandry
36:13 Marauders
36:22 Thumb Ring
36:41 Ballistics
36:39 Leather Archer Armor
38:39 Parthian Tactics
38:39 Conscription
39:27 Gold Shaft Mining
38:48 Heavy Cavalry Archer
40:34 Bodkin Arrow
41:59 Chemistry
45:46 Bracer
46:22 Plate Barding Armor
49:12 Light Cavalry
1301015563
5:45 Loom
14:19 Feudal Age
20:56 Castle Age
18:58 Double-Bit Axe
19:31 Stone Mining
21:21 Town Watch
27:28 Fletching
32:14 Bodkin Arrow
Blind Archer
6:29 Loom
15:04 Feudal Age
16:49 Double-Bit Axe
18:13 Forging
18:09 Scale Barding Armor
21:33 Castle Age
19:59 Gold Mining
20:34 Horse Collar
21:36 Bloodlines
30:45 Wheelbarrow
30:21 Fletching
33:18 Bodkin Arrow
37:13 Imperial Age
36:19 Husbandry
36:21 Padded Archer Armor
37:17 Ballistics
37:37 Leather Archer Armor
40:58 Bracer
44:20 Heavy Camel Rider
47:05 Iron Casting
46:51 Chain Barding Armor
52:23 Heavy Camel Rider
Ace
5:29 Loom
15:54 Feudal Age
16:44 Fishing Lines
17:13 Double-Bit Axe
22:30 Castle Age
20:27 Gold Mining
20:30 Stone Mining
20:31 Gold Mining
24:06 Bow Saw
23:55 Pikeman
24:37 Squires
29:46 Horse Collar
31:43 Wheelbarrow
38:50 Scale Mail Armor
39:00 Forging
41:54 Imperial Age
41:40 Hand Cart
41:45 Chain Mail Armor
42:05 Iron Casting
43:00 Heavy Plow
44:05 Two-Man Saw
43:28 Conscription
43:33 Capped Ram
44:40 Shinkichon
44:59 Halberdier
45:25 Arson
48:57 Gold Shaft Mining
48:57 Stone Shaft Mining
49:15 Plate Mail Armor
48:35 Elite War Wagon
55:15 Ballistics
55:55 Chemistry
54:44 Arrowslits
55:10 Fortified Wall
54:56 Murder Holes
54:41 Treadmill Crane
55:12 Masonry
vem mama uvinha
5:06 Loom
14:52 Feudal Age
15:36 Double-Bit Axe
15:32 Horse Collar
20:31 Castle Age
19:43 Stone Mining
21:12 Fletching
40:46 Padded Archer Armor
42:04 Bodkin Arrow
42:55 Ballistics
43:41 Malon
46:15 Leather Archer Armor
50:01 Imperial Age
50:51 Elite Bolas Rider
53:14 Chemistry
52:50 Conscription
54:36 Wheelbarrow
53:48 Town Watch
54:25 Butalmapu
57:04 Ring Archer Armor
DreamStolen
4:00 Loom
13:18 Feudal Age
15:52 Scale Barding Armor
18:08 Castle Age
18:51 Bloodlines
31:51 Wheelbarrow
32:10 Fletching
33:51 Horse Collar
34:01 Double-Bit Axe
36:58 Bodkin Arrow
41:46 Imperial Age
39:52 Hand Cart
41:11 Padded Archer Armor
41:22 Forging
42:04 Elite Mangudai
42:46 Bracer
42:34 Capped Ram
44:47 Drill
44:51 Conscription
44:48 Husbandry
45:05 Light Cavalry
45:56 Heavy Plow
46:08 Bow Saw
46:20 Chain Barding Armor
46:35 Iron Casting
47:07 Siege Ram
49:23 Blast Furnace
47:45 Hussar
49:42 Leather Archer Armor
49:38 Siege Engineers
54:17 Chemistry
53:37 Ballistics
Connection lost

Rejoining the realm…

Still unreachable

The connection could not be restored.

Session expired

The server has moved on; the page needs a fresh start.